 Dungeon Crawl Stone Soup version 0.30-a0-325-gb515db48ae (webtiles) character file.

Game seed: 4163801184464316332

3517 Bnni the Cleaver (level 10, -7/83 HPs)
             Began as a Formicid Fighter on Oct 28, 2022.
             Was a Follower of Okawaru.
             Mangled by a warg (12 damage)
             ... on level 8 of the Dungeon.
             The game lasted 00:08:28 (6676 turns).

Bnni the Cleaver (Formicid Fighter)                 Turns: 6676, Time: 00:08:28

Health: -7/83      AC:  7    Str: 24    XL:     10   Next: 28%
Magic:  12/12      EV: 10    Int: 13    God:    Okawaru [*.....]
Gold:   520        SH:  5    Dex: 13    Spells: 9/9 levels left

rFire   + . .      SeeInvis +    a - +0 war axe
rCold   + . .      Faith    .    c - +0 buckler
rNeg    + . .      Spirit   .    g - +2 ring mail "Pifuwn" {Drain Int+4 Slay+5}
rPois   +          Reflect  .    (helmet unavailable)
rElec   .          Harm     .    m - scarf {rC+ rF+}
rCorr   .          Rampage  .    (no gloves)
Will    +....                    (no boots)
Stlth   +.........               k - amulet of regeneration
HPRegen 1.13/turn                e - ring of positive energy
MPRegen 0.13/turn                H - ring of poison resistance

@: no status effects
A: permanent stasis, dig shafts and tunnels, antennae 3, four strong arms
a: Dig, Shaft Self, Renounce Religion, Heroism


You were on level 8 of the Dungeon.
You worshipped Okawaru.
Okawaru was aware of your devotion.
You visited 2 branches of the dungeon, and saw 9 of its levels.
You also visited: Ossuary.

You collected 520 gold pieces.

Inventory:

Hand Weapons
 a - a +0 war axe (weapon)
Missiles
 o - 10 poisoned darts
Armour
 c - a +0 buckler (worn)
 g - the +2 ring mail "Pifuwn" (worn) {Drain Int+4 Slay+5}
   (You found it on level 5 of the Dungeon)

   Int:       It affects your intelligence (+4).
   Slay:      It affects your accuracy & damage with ranged weapons and melee
   (+5).
   Drain:     It drains your maximum health when unequipped.
 m - a scarf of resistance (worn)
 C - a +1 cloak
 D - a +1 plate armour of fire resistance
Jewellery
 e - a ring of positive energy (left hand)
 k - an amulet of regeneration (around neck)
 y - a ring of resist corrosion
 G - an amulet of reflection
 H - a ring of poison resistance (right hand)
Wands
 u - a wand of mindburst (8)
 v - a wand of digging (13)
 B - a wand of roots (15)
Scrolls
 j - 3 scrolls of immolation
 l - 3 scrolls of vulnerability {unknown}
 p - a scroll of silence {unknown}
 r - 3 scrolls of poison {unknown}
 t - 3 scrolls of enchant weapon {unknown}
 w - 2 scrolls of amnesia {unknown}
 x - a scroll of torment {unknown}
 E - a scroll of butterflies {unknown}
 F - a scroll of teleportation {unknown}
 I - a scroll of magic mapping {unknown}
Potions
 b - 6 potions of curing
 d - 4 potions of might
 f - 3 potions of haste {unknown}
 h - 2 potions of cancellation
 i - 3 potions of degeneration
 q - 2 potions of brilliance
 s - a potion of flight
 z - 4 potions of invisibility
 A - a potion of lignification


   Skills:
 + Level 9.2 Fighting
 * Level 11.2 Axes
 - Level 3.2 Armour
 - Level 5.0 Shields
 + Level 3.7 Invocations


You had 9 spell levels left.
You didn't know any spells.
Your spell library contained the following spells:

 Spells                   Type           Power      Damage    Failure   Level
 Frozen Ramparts          Ice            0%         1d1       86%         3
 Vhi's Electric Charge    Tloc/Air       0%         N/A       86%         3
 Ice Form                 Ice/Tmut       0%         N/A       99%         4
 Arcjolt                  Conj/Air       0%         1d10      100%        5
 Maxwell's Capacitive Co  Air            0%         ∞         100%        8
 Summon Ice Beast         Ice/Summ       Unusable   N/A       N/A         4

Dungeon Overview and Level Annotations

Branches:
Dungeon (8/15)             Temple (1/1) D:7            Lair (0/5) D:8
Ossuary (visited)

Altars:
Ashenzari
Cheibriados
Dithmenos
Elyvilon
Fedhas
Gozag
Hepliaklqana
Kikubaaqudgha
Makhleb
Nemelex Xobeh
Okawaru
Ru
Sif Muna
Trog
Uskayaw
Vehumet
Wu Jian
Xom
Yredelemnul

Shops:
D:4 *


Innate Abilities, Weirdness & Mutations

You cannot be hasted, slowed, berserked, paralysed or teleported.
You can dig through walls and to a lower floor.
You have a pair of large antennae on your head. (SInv)
Your four strong arms can wield two-handed weapons with a shield.


Message History

You hit the warg but do no damage. You hit the warg.
The warg bites you but does no damage. The warg closely misses you.
The orc priest hits you with a +0 flail.
A wight comes into view. It is wielding a +2 mace of protection.
You slash the warg!
The warg is severely wounded.
You slash the orc priest!
You kill the orc priest!
Okawaru accepts your kill.
You hit the warg. You hit the orc wizard. You block the warg's attack.
You block the orc wizard's attack.
A wight comes into view. It is wielding a +0 long sword.
The wyvern bites you. The warg bites you. The warg closely misses you.
The warg bites you!
You hit the warg.
The warg is lightly wounded.
You closely miss the orc wizard. You closely miss the warg. You hit the wyvern.
You slash the warg! The wyvern bites you. The warg bites you!
* * * LOW HITPOINT WARNING * * *
The warg barely misses you. You block the orc wizard's attack.
The warg bites you but does no damage.
You feel much better. The wyvern closely misses you.
The warg closely misses you. The warg bites you!
The warg completely misses you.
The orc wizard hits you but does no damage.
The wyvern bites you!
* * * LOW HITPOINT WARNING * * *
Unknown command.
Are you sure you want to shaft yourself?
The warg bites you!
* * * LOW HITPOINT WARNING * * *
The warg closely misses you. The warg bites you but does no damage.
The wyvern misses you. The orc wizard barely misses you.
The warg bites you but does no damage. The warg closely misses you.
You begin to dig a shaft.
You continue digging a shaft.
The warg bites you but does no damage. The wyvern completely misses you.
The orc wizard barely misses you. The wight closely misses you.
The orc priest calls down the wrath of Beogh upon you.
You resist with significant effort. The warg misses you. The warg bites you!
You die...

#...P.........#
.......>.....^.
#..............
.$......... .
...z.....
..####..oz.####.
......zlho......
#....>zh@h..#
#.#....z#o.##
...........#
.....##.##<#
...........#
...........#
#...###.##.########
##. #.##.##.....#
.. #.#.........##


You could see 3 wargs, a wyvern, 5 wights, an orc priest and 2 orc wizards.

Vanquished Creatures
  2 polar bears (D:8)
  The ghost of twist the Changer, an amateur OpTm (D:4)
  A wyvern (D:7)
  A steam dragon (D:7)
  Edmund (D:6)
  2 orc warriors
  An ice beast (D:7)
  3 black bears
  2 centaurs
  3 elf zombies (Ossuary)
  A phantom (D:5)
  5 scorpions
  2 bullfrogs
  A necrophage (D:5)
  A howler monkey (D:4)
  5 hounds
  3 human zombies (Ossuary)
  2 jellies
  2 orc priests
  3 iron imps (D:6)
  A gnoll bouda (D:5)
  Jessica (D:2)
  Terence (D:2)
  An orc wizard (D:5)
  Ijyb (D:5)
  3 iguanas
  2 hound zombies (Ossuary)
  A killer bee simulacrum (D:8)
  3 mummies (Ossuary)
  9 adders
  6 gnolls
  A shadow imp (D:6)
  A white imp (D:6)
  2 ufetubi
  4 adder zombies (Ossuary)
  2 worms (D:2)
  4 dart slugs
  15 orcs
  7 ball pythons
  8 endoplasms
  3 giant cockroaches
  2 gnoll zombies (Ossuary)
  7 goblins
  6 hobgoblins
  16 jackals
  2 quokkas
  6 bats
  2 frilled lizards (D:1)
  2 goblin zombies (Ossuary)
  A hobgoblin zombie (Ossuary)
  3 jackal zombies (Ossuary)
  10 kobolds
  2 kobold zombies (Ossuary)
  5 quokka zombies (Ossuary)
  5 rats
  4 rat zombies (Ossuary)
191 creatures vanquished.

Notes
Turn   | Place    | Note
-------+----------+-------------------------------------------
     0 | D:1      | Bnni the Formicid Fighter began the quest for the Orb.
     0 | D:1      | Reached XP level 1. HP: 18/18 MP: 1/1
   170 | D:1      | Reached XP level 2. HP: 24/24 MP: 2/2
   382 | D:1      | Reached XP level 3. HP: 29/29 MP: 3/3
   749 | D:2      | Reached XP level 4. HP: 10/37 MP: 4/4
   874 | D:2      | Reached skill level 3 in Axes
   874 | D:2      | Reached skill level 5 in Shields
   968 | D:2      | Noticed Jessica
   974 | D:2      | Killed Jessica
   975 | D:2      | Reached XP level 5. HP: 42/42 MP: 5/5
  1262 | D:2      | Noticed Terence
  1270 | D:2      | Killed Terence
  1271 | D:2      | Reached skill level 4 in Axes
  1321 | D:2      | Found a burning altar of Makhleb.
  2019 | D:3      | Reached XP level 6. HP: 49/49 MP: 6/6
  2549 | D:4      | Found Garaus's Assorted Antiques.
  2712 | D:4      | Reached skill level 5 in Axes
  2769 | D:4      | Reached skill level 5 in Fighting
  2774 | D:4      | Found a runed translucent door.
  2776 | D:4      | Noticed twist's ghost (amateur OpTm)
  2802 | D:4      | Killed twist's ghost
  2803 | D:4      | Reached XP level 7. HP: 49/56 MP: 7/7
  2808 | D:4      | Reached skill level 6 in Axes
  2952 | D:4      | Found a sand-covered staircase.
  2959 | Ossuary  | Entered an ossuary
  3115 | Ossuary  | Reached XP level 8. HP: 57/64 MP: 8/8
  3135 | Ossuary  | Reached skill level 7 in Axes
  3972 | D:5      | Entered Level 5 of the Dungeon
  3999 | D:5      | Identified the +2 ring mail "Pifuwn" {Drain Int+4 Slay+5}
  4049 | D:5      | Reached skill level 8 in Axes
  4316 | D:5      | Reached XP level 9. HP: 64/72 MP: 9/9
  4376 | D:5      | Noticed Ijyb
  4385 | D:5      | Killed Ijyb
  4436 | D:5      | Reached skill level 9 in Axes
  4683 | D:6      | Noticed Edmund
  4695 | D:6      | Killed Edmund
  5345 | D:6      | Found a burning altar of Makhleb.
  5581 | D:7      | Found a staircase to the Ecumenical Temple.
  5597 | Temple   | Entered the Ecumenical Temple
  5604 | Temple   | Became a worshipper of Warmaster Okawaru
  5657 | D:7      | Reached skill level 10 in Axes
  5997 | D:7      | Reached skill level 1 in Invocations
  6013 | D:7      | Reached * piety under Okawaru
  6014 | D:7      | Reached XP level 10. HP: 23/82 MP: 11/11
  6605 | D:8      | Reached skill level 11 in Axes
  6667 | D:8      | Found a staircase to the Lair.
  6675 | D:8      | HP: 4/83 [warg (15)]
  6676 | D:8      | Mangled by a warg

Illustrated notes

Levels and vault maps discovered:
D:1:      evilmike_arrival_crescent, layout_rooms,
          minmay_misc_feat_secret_circle, minmay_misc_feat_rugged,
          minmay_ruptured
D:2:      layout_basic, basic_altar, grunt_decor_resistance, uniq_terence,
          uniq_jessica
D:3:      layout_basic
D:4:      layout_loops_corners, lightli_ossuary_entry_decrepit_ruins,
          ebering_ghost_inner_flame, serial_shops, nicolae_take_the_stairs
D:5:      layout_loops_cross, uniq_ijyb
D:6:      layout_basic, demons_altar, uniq_edmund
D:7:      layout_basic, minmay_temple_entry_drinking_statues, dk_vineyard_2
D:8:      corexii_shack_village, layout_loops_cross, erik_lair_orcish_takeover,
          serial_ice, serial_ice_f, serial_ice_i, serial_ice_d, serial_ice_c,
          serial_ice_n, serial_ice_e, uniq_grum
Temple:   nicolae_temple_no_exploring_needed

Skill      XL: |  1  2  3  4  5  6  7  8  9 10 |
---------------+-------------------------------+-----
Axes           | 3 4 5 6 8 10 11 | 11.2
Shields        | 5 |  5.0
Fighting       | 4 5 6 7 8 9 |  9.2
Invocations    | 2 3 |  3.7
Armour         | |  3.2

Action                   |  1- 3 |  4- 6 |  7- 9 | 10-12 || total
-------------------------+-------+-------+-------+-------++-------
Melee: War axe           |    97 |   147 |   316 |    33 ||   593
 Abil: Shaft Self        |       |       |       |     1 ||     1
  Use: Scroll            |       |       |     8 |       ||     8
       Potion            |       |       |       |     2 ||     2
Armor: Scale mail        |    63 |     6 |       |       ||    69
       Plate armour      |       |    84 |    89 |       ||   173
       Ring mail         |       |       |    60 |    24 ||    84
Dodge: Dodged            |    57 |    41 |   115 |    32 ||   245
Block: Buckler           |    33 |    34 |    86 |    15 ||   168

Table legend: (Time is in decaauts)
 A = Elapsed time spent in this place.
 B = Non-inter-level travel time spent in this place.
 C = Inter-level travel time spent in this place.
 D = Time resting spent in this place.
 E = Time spent auto-exploring this place.
 F = Levels seen in this place.
 G = Mean time per level.
                   A        B        C        D        E       F      G
               +--------+--------+--------+--------+--------+-----+--------+
         Total |   6800 |   6545 |    255 |     44 |   5095 |  10 |  680.0 |
       Dungeon |   6289 |   6040 |    249 |     44 |   4813 |   8 |  786.1 |
        Temple |     14 |      8 |      6 |      0 |      0 |   1 |   14.0 |
       Ossuary |    496 |    496 |      0 |      0 |    282 |   1 |  496.0 |
               +--------+--------+--------+--------+--------+-----+--------+

Top non-repeatable levels by time:
     D:7: 1129 daAuts
     D:4: 1066 daAuts
     D:2: 996 daAuts
     D:3: 783 daAuts
     D:6: 770 daAuts
     D:1: 745 daAuts
     D:5: 678 daAuts
 Ossuary: 496 daAuts
     D:8: 119 daAuts
  Temple: 14 daAuts
